 Dungeon Crawl Stone Soup version 0.27-a0-828-g8289197e94 (webtiles) character file.

Game seed: 2377782785291688951

4554 snetch the Grappler (level 10, -10/92 (94) HPs)
             Began as a Troll Fighter on Mar 30, 2021.
             Was the Champion of Cheibriados.
             Mangled by a freezing wraith (13 damage)
             ... led by a death knight
             ... on level 7 of the Dungeon.
             The game lasted 00:31:23 (5614 turns).

snetch the Grappler (Troll Fighter)                 Turns: 5614, Time: 00:31:25

HP:   -10/92 (94)   AC:  6    Str: 44    XL:     10   Next: 17%
MP:   4/9           EV: 19    Int: 19    God:    Cheibriados [******]
Gold: 941           SH:  0    Dex: 24    Spells: 9/9 levels left

rFire    + . .     SeeInvis .     - Unarmed
rCold    . . .     Faith    +   (no shield)
rNeg     . . .     Spirit   .   I - +2 robe of Vines {NoPotionHeal Regen+++}
rPois    .         Reflect  .   (helmet restricted)
rElec    .         Harm     .   (no cloak)
rCorr    .         Rampage  .   (gloves unavailable)
Will     .....                  (boots unavailable)
Stlth    ++........             l - amulet of faith
HPRegen  4.25/turn              j - ring of protection from fire
MPRegen  0.11/turn              x - +4 ring of evasion

@: lightly drained, very slow
A: large, unfitting armour, claws 3, regeneration 1, shaggy fur 1, tough skin 1
a: Renounce Religion, Bend Time, Temporal Distortion, Slouch, Step From Time


You were on level 7 of the Dungeon.
You worshipped Cheibriados.
Cheibriados was exalted by your worship.
You visited 2 branches of the dungeon, and saw 9 of its levels.
You also visited: Sewer and Bailey.

You collected 941 gold pieces.

Inventory:

Hand Weapons
 J - a +0 giant spiked club
Missiles
 f - 31 arrows
 k - 170 stones
 n - 33 sling bullets
 r - 62 bolts
 s - a curare-tipped dart
 B - 42 boomerangs (quivered)
 H - 15 poisoned darts
Armour
 b - a +0 kite shield
 p - a +2 robe of the Archmagi
 I - the +2 robe of Vines (worn) {NoPotionHeal Regen+++}
   (You took it off a kobold in a bailey)

   It increases your rate of health regeneration.
Jewellery
 j - a ring of protection from fire (left claw)
 l - an amulet of faith (around neck)
 x - a +4 ring of evasion (right claw)
 E - a ring of flight
Wands
 M - a wand of polymorph (11)
Scrolls
 d - 4 scrolls of amnesia {unknown}
 e - 2 scrolls of enchant weapon
 h - 3 scrolls of teleportation {unknown}
 m - a scroll of holy word
 o - 4 scrolls of enchant armour {unknown}
 q - a scroll of silence
 w - 2 scrolls of vulnerability {unknown}
 y - 2 scrolls of fear
 A - a scroll of magic mapping
 F - 3 scrolls of fog {unknown}
 L - a scroll of noise
Potions
 c - 2 potions of might
 g - a potion of mutation
 i - 9 potions of curing {unknown}
 t - 4 potions of heal wounds {unknown}
 u - 2 potions of brilliance
 v - 2 potions of flight
 z - a potion of resistance
 C - 4 potions of lignification {unknown}
 K - 3 potions of attraction {unknown}


   Skills:
 + Level 4.4 Fighting
 + Level 4.8 Throwing
 + Level 6.5 Dodging
 - Level 1.0 Stealth
 - Level 3.3 Shields
 + Level 10.5 Unarmed Combat


You had 9 spell levels left.
You didn't know any spells.
Your spell library contained the following spells:

 Spells                   Type           Power      Damage    Failure   Level
 Magic Dart               Conj           0%         1d3       21%         1
 Sandblast                Erth           0%         2d4       21%         1
 Passwall                 Tmut/Erth      0%         N/A       30%         2
 Searing Ray              Conj           0%         3d3       30%         2
 Dazzling Flash           Conj/Hex       0%         N/A       52%         3
 Stone Arrow              Conj/Erth      0%         3d7       52%         3
 Fulminant Prism          Conj/Hex       0%         3d6       90%         4
 Iskenderun's Mystic Bla  Conj/Tloc      0%         2d3       90%         4
 Petrify                  Tmut/Erth      0%         N/A       90%         4
 Lee's Rapid Deconstruct  Erth           0%         3d5*      99%         5


Dungeon Overview and Level Annotations

Branches:
Dungeon (8/15)             Temple (1/1) D:5           Sewer (visited)
 Bailey (visited)
   Lair: D:8-11

Altars:
Cheibriados
Dithmenos
Elyvilon
Fedhas
Gozag
Hepliaklqana
Kikubaaqudgha
Makhleb
Nemelex Xobeh
Okawaru
Qazlal
Ru
Sif Muna
Trog
Vehumet
Wu Jian
Xom
Yredelemnul
Zin
Jiyva


Innate Abilities, Weirdness & Mutations

You are too large for most types of armour.
You have claws for hands.
Your natural rate of healing is unusually fast.
You are covered in fur. (AC +1)
You have tough skin. (AC +1)


Message History

The wight misses you. The wight barely misses you.
Things that are here:
a +3 halberd of freezing; a +0 robe The wight hits you with a +4 halberd!
The wight completely misses you.
You barely miss the wight. The wight barely misses you.
You scratch the wight but do no damage. The wight hits you with a +4 halberd.
You eviscerate the wight!!!
You destroy the wight!
Cheibriados thoroughly appreciates the change of pace.
Things that are here:
a +4 halberd; a +0 robe
Okay, then.
Things that are here:
a +3 halberd of freezing; a +0 robe
Things that are here:
a +4 halberd; a +0 robe
Things that are here:
a +0 scimitar; a +0 robe
There is a stone staircase leading down here.
You climb downwards.
There is a stone staircase leading up here.
You climb upwards.
There is a stone staircase leading down here.
A death knight is nearby!
The death knight shouts!
The death knight calls down the wrath of Yredelemnul upon you.
Your body is wracked with pain!
The death knight closely misses you.
The death knight hits you from afar with a +0 halberd!!
You can feel time thicken for a moment.
The death knight hits you from afar with a +0 halberd!
* * * LOW HITPOINT WARNING * * *
Okay, then.
The death knight invokes the aid of Yredelemnul against you.
Your body is wracked with pain!
* * * LOW HITPOINT WARNING * * *
The freezing wraith hits you!
* * * LOW HITPOINT WARNING * * *
The freezing wraith freezes you!
You die...

#.#...........................#
#.#...........................#
#.#...........................#
#.#...........................#
#.#...........................#
#.............[...............#
###............p..............#
#..............W..............#
#.............@W.z............#
#.............................#
#.............................#
#.................[.....).....
#†...........................
#...........................
#....>.........<...........
###.......................
#......................


You could see a death knight, a skeletal warrior, a freezing wraith and a
wraith.

Vanquished Creatures
  An ugly thing (D:7)
  A manticore (D:6)
  2 black bears
  2 ice beasts (D:7)
  5 orc warriors
  2 sky beasts (D:7)
  7 ogres
  3 phantoms (D:5)
  2 kobold brigands
  Blork the orc (D:4)
  A scorpion (D:6)
  A bullfrog (D:6)
  A wyvern skeleton (D:6)
  5 killer bees (D:5)
  7 wights
  6 electric eels (D:6)
  A bullfrog zombie (D:5)
  2 orc priests
  3 hounds
  A bullfrog skeleton (D:6)
  A gnoll shaman (D:5)
  4 iguanas
  5 orc wizards
  A hound zombie (D:5)
  A hound skeleton (D:4)
  A howler monkey skeleton (D:6)
  16 gnolls
  10 adders
  A white imp (D:7)
  3 worms
  3 dart slugs
  15 orcs
  5 ball pythons
  6 bats
  4 endoplasms
  5 giant cockroaches
  7 goblins
  11 hobgoblins
  7 jackals
  7 quokkas
  3 frilled lizards
  37 kobolds
  9 rats
216 creatures vanquished.

Vanquished Creatures (others)
  3 plants
3 creatures vanquished.

Grand Total: 219 creatures vanquished

Notes
Turn   | Place    | Note
-------+----------+-------------------------------------------
     0 | D:1      | snetch the Troll Fighter began the quest for the Orb.
     0 | D:1      | Reached XP level 1. HP: 22/22 MP: 0/0
    28 | D:2      | Noticed an ogre
    36 | D:2      | Killed an ogre
    37 | D:2      | Reached XP level 2. HP: 23/31 MP: 1/1
    37 | D:2      | Reached XP level 3. HP: 27/37 MP: 2/2
    37 | D:2      | Reached XP level 4. HP: 33/45 MP: 3/3
   260 | D:2      | Found a faded altar of an unknown god.
   305 | D:2      | Became a worshipper of Cheibriados the Contemplative
   305 | D:2      | Reached * piety under Cheibriados
   539 | D:1      | Reached XP level 5. HP: 53/53 MP: 4/4
   684 | D:1      | Reached ** piety under Cheibriados
   797 | D:1      | Reached skill level 3 in Unarmed Combat
  1025 | D:2      | Found a sparkling altar of Nemelex Xobeh.
  1098 | D:4      | Noticed a black bear
  1101 | D:4      | Killed a black bear
  1109 | D:4      | Reached XP level 6. HP: 59/61 MP: 5/5
  1149 | D:4      | Reached skill level 4 in Unarmed Combat
  1310 | D:4      | Reached *** piety under Cheibriados
  1339 | D:4      | Found a glowing drain.
  1343 | Sewer    | Entered a sewer
  1568 | Sewer    | Reached **** piety under Cheibriados
  1637 | D:4      | Noticed Blork the orc
  1643 | D:4      | Killed Blork the orc
  1644 | D:4      | Reached skill level 5 in Unarmed Combat
  1753 | D:3      | Found a hazy altar of Hepliaklqana.
  1821 | D:3      | Reached XP level 7. HP: 67/67 MP: 6/6
  2026 | D:3      | Reached skill level 1 in Stealth
  2079 | D:3      | Found a sacrificial altar of Ru.
  2350 | D:4      | Found a shimmering altar of Xom.
  2350 | D:4      | Found a blossoming altar of Fedhas.
  2352 | D:4      | Found a basalt altar of Yredelemnul.
  2352 | D:4      | Found an ancient bone altar of Kikubaaqudgha.
  2353 | D:4      | Found a sparkling altar of Nemelex Xobeh.
  2354 | D:4      | Found a white marble altar of Elyvilon.
  2355 | D:4      | Found a bloodstained altar of Trog.
  2476 | D:5      | Entered Level 5 of the Dungeon
  2820 | D:5      | Reached skill level 6 in Unarmed Combat
  2894 | D:5      | Reached XP level 8. HP: 74/76 MP: 7/7
  3064 | D:5      | Reached skill level 5 in Dodging
  3064 | D:5      | Reached skill level 7 in Unarmed Combat
  3114 | D:6      | Reached ***** piety under Cheibriados
  3210 | D:5      | Reached skill level 8 in Unarmed Combat
  3293 | D:5      | Found a staircase to the Ecumenical Temple.
  3331 | Temple   | Entered the Ecumenical Temple
  3871 | D:7      | Reached XP level 9. HP: 72/84 MP: 8/8
  3883 | D:7      | Found a flagged portal.
  3884 | D:7      | Noticed a green ugly thing
  3890 | D:7      | Killed a green ugly thing
  3891 | D:7      | Reached skill level 9 in Unarmed Combat
  3908 | Bailey   | Entered a bailey
  4136 | Bailey   | Reached skill level 1 in Throwing
  4813 | D:6      | You fall into a shaft and drop 1 floor!
  5017 | D:6      | Reached skill level 10 in Unarmed Combat
  5038 | D:6      | Noticed a manticore
  5045 | D:6      | Killed a manticore
  5045 | D:6      | Reached ****** piety under Cheibriados
  5080 | D:6      | Reached XP level 10. HP: 62/94 MP: 9/9
  5209 | D:7      | Noticed a death knight
  5209 | D:7      | Noticed a skeletal warrior
  5614 | D:7      | HP: 3/92 [freezing wraith[a death knight] (11)]
  5614 | D:7      | Mangled by a freezing wraith

Illustrated notes

Levels and vault maps discovered:
D:1:      amcnicky_arrival_flooded_fountain, layout_basic
D:2:      layout_rooms, chequers_ecumenical_altar_simple_redux,
          nemelex_lonely_heart_becter
D:3:      layout_basic, hangedman_ru_absence, nicolae_overflow_crystal_walls,
          chequers_serial_rivers_micro_b
D:4:      layout_rooms, grunt_temple_overflow_open, gup_sewer_entry_spiral,
          uniq_blork_the_orc
D:5:      layout_gridville, minmay_temple_entry_offerings
D:6:      cheibrodos_two_vegetables, layout_basic
D:7:      layout_basic, nicolae_tso_swordbearing_angel, enter_bailey_2
D:8:      layout_loops_ring, lemuel_round_altar, marbit_many_paths,
          serial_shops, nicolae_shop_behind_doors, uniq_grum, uniq_gastronok,
          uniq_erica
Temple:   pf_slime_end_temple

Skill      XL: |  1  2  3  4  5  6  7  8  9 |
---------------+----------------------------+-----
Fighting       | 3 4 |  4.4
Dodging        | 3 4 5 6 |  6.5
Shields        | 3 |  3.3
Unarmed Combat | 3 5 6 8 10 | 10.5
Stealth        | 1 |  1.0
Throwing       | 4 |  4.8

Action                   |  1- 3 |  4- 6 |  7- 9 | 10-12 || total
-------------------------+-------+-------+-------+-------++-------
Melee: Unarmed           |     7 |   220 |   232 |    36 ||   495
       Punch             |       |     2 |    11 |     3 ||    16
Throw: Stone             |       |       |    66 |       ||    66
       Dart              |       |       |    22 |       ||    22
       Boomerang         |       |       |    17 |    16 ||    33
Invok: Slouch            |       |       |       |     1 ||     1
  Use: Scroll            |       |       |     9 |     1 ||    10
       Potion            |       |       |     4 |       ||     4
 Stab: Sleeping          |       |     4 |     6 |     1 ||    11
Armor: Robe              |       |    60 |    43 |     9 ||   112
Dodge: Dodged            |     2 |    90 |   215 |    66 ||   373
Block: Kite shield       |     5 |    59 |       |       ||    64

Table legend: (Time is in decaauts)
 A = Elapsed time spent in this place.
 B = Non-inter-level travel time spent in this place.
 C = Inter-level travel time spent in this place.
 D = Time resting spent in this place.
 E = Time spent auto-exploring this place.
 F = Levels seen in this place.
 G = Mean time per level.
                   A        B        C        D        E       F      G
               +--------+--------+--------+--------+--------+-----+--------+
         Total |   8989 |   8150 |    839 |     48 |   4716 |  11 |  817.2 |
       Dungeon |   7612 |   6799 |    813 |     48 |   4109 |   8 |  951.5 |
        Temple |    290 |    264 |     26 |      0 |    244 |   1 |  290.0 |
         Sewer |    377 |    377 |      0 |      0 |    180 |   1 |  377.0 |
        Bailey |    708 |    708 |      0 |      0 |    182 |   1 |  708.0 |
               +--------+--------+--------+--------+--------+-----+--------+

Top non-repeatable levels by time:
     D:5: 1547 daAuts
     D:6: 1423 daAuts
     D:4: 1136 daAuts
     D:7: 1095 daAuts
     D:3: 984 daAuts
     D:2: 711 daAuts
  Bailey: 708 daAuts
     D:1: 676 daAuts
   Sewer: 377 daAuts
  Temple: 290 daAuts
     D:8: 35 daAuts
